 Dungeon Sprint DCSS version 0.26-a0-969-g2c58977ddd (webtiles) character file.

Game seed: 8645023043112655345

3903 Conn the Arsonist (level 10, -4/62 (63) HPs)
             Began as an Octopode Fire Elementalist on Dec 4, 2020.
             Was a Priest of Sif Muna.
             Shot with a bolt by a yaktaur captain (12 damage)
             ... in the Dungeon (Sprint II: "The Violet Keep of Menkaure").
             The game lasted 00:31:41 (1832 turns).

Conn the Arsonist (Octopode Fire Elementalist)      Turns: 1832, Time: 00:31:42

HP:   -4/62 (63)    AC:  8    Str:  7    XL:     10   Next: 20%
MP:   4/23          EV: 19    Int: 21    God:    Sif Muna [***...]
Gold: 302           SH:  7    Dex: 13    Spells: 4/27 levels left

rFire    + . .     SeeInvis +   s - +0 short sword
rCold    x . .     Faith    .   f - +2 buckler {AC+3}
rNeg     . . .     Spirit   .   (helmet restricted)
rPois    +         Reflect  .   (no amulet)
rElec    .         Harm     .   a - ring "Ixecving" {rPois MR+ Slay-4} (curse)
rCorr    .         Rampage  .   c - ring of fire
MR       +....     NoTele   +   o - +4 ring of protection
Stlth    ++++++....             q - ring of see invisible
HPRegen  0.20/turn              (no ring)
MPRegen  0.18/turn              (no ring)
                                (no ring)
                                (no ring)

@: no status effects
A: almost no armour, stealthy swim, amphibious, 8 rings, constrict 8, camouflage
1, gelatinous body 1
a: Channel Magic, Forget Spell, Renounce Religion


You were in the Dungeon.
You worshipped Sif Muna.
Sif Muna was most pleased with you.
You visited 1 branch You collected 1256 gold pieces.
You spent 954 gold pieces at shops.

Inventory:

Hand Weapons
 s - a +0 short sword (weapon)
Armour
 f - a +2 buckler of protection (worn)
Jewellery
 a - the cursed ring "Ixecving" (left tentacle) {rPois MR+ Slay-4}
   (You bought it in a shop in the Dungeon)

   [ring of slaying]

   It affects your accuracy and damage with ranged weapons and melee attacks
   (-4).
   It protects you from poison.
   It affects your resistance to hostile enchantments.
   It has a curse placed upon it.
 c - a ring of fire (right tentacle)
 o - a +4 ring of protection (on tentacle)
 q - a ring of see invisible (on tentacle)
Scrolls
 e - 6 scrolls of identify {unknown}
 g - 2 scrolls of blinking
 j - 4 scrolls of enchant armour {unknown}
 k - 2 scrolls of remove curse {unknown}
 l - a scroll of amnesia {unknown}
 m - a scroll of fog {unknown}
 n - a scroll of random uselessness {unknown}
 p - a scroll of fear {unknown}
Potions
 b - 2 potions of curing
 d - 4 potions of resistance {unknown}
 h - a potion of degeneration {unknown}
 i - 3 potions of magic
 r - 3 potions of flight {unknown}


   Skills:
 + Level 3.8 Fighting
 * Level 10.0 Dodging
 - Level 9.1 Stealth
 + Level 5.4 Shields
 + Level 9.1 Spellcasting
 + Level 8.3 Conjurations
 - Level 3.2 Summonings
 - Level 4.6 Translocations
 + Level 11.8 Fire Magic
 + Level 2.6 Air Magic
 + Level 3.7 Poison Magic
 - Level 5.8 Invocations


You had 4 spell levels left.
You knew the following spells:

 Your Spells              Type           Power        Failure   Level
a - Foxfire               Conj/Fire      ####         1%          1
b - Conjure Flame         Conj/Fire      ######..     1%          3
c - Inner Flame           Hex/Fire       ######..     1%          3
d - Sticky Flame          Conj/Fire      ######..     1%          4
e - Fireball              Conj/Fire      ######....   3%          5
f - Blink                 Tloc           N/A          1%          2
g - Call Imp              Summ           ###.....     2%          2
h - Mephitic Cloud        Conj/Pois/Air  ####....     2%          3

Your spell library contained the following spells:

 Spells                   Type           Power        Failure   Level
 Magic Dart               Conj           ####         1%          1
 Slow                     Hex            #.......     11%         2


Dungeon Overview and Level Annotations

Branches:
Dungeon (1/1)

Altars:
Cheibriados
Dithmenos
Elyvilon
Fedhas
Gozag
Hepliaklqana
Kikubaaqudgha
Makhleb
Nemelex Xobeh
Okawaru
Qazlal
Ru
Sif Muna
Trog
Uskayaw
Vehumet
Wu Jian
Xom
Yredelemnul
Zin
The Shining One
Beogh
Jiyva
Lugonu

Shops:
D :?:=:}(*[=[::!!

Annotations:
D exclusions: obsidian statue and oklob plant, Kirke


Innate Abilities, Weirdness & Mutations

You cannot wear most types of armour.
You are very stealthy in the water. (Stealth+)
You are amphibious.
You can wear up to eight rings at the same time.
You can use your tentacles to constrict eight enemies at once.
Your skin changes colour to match your surroundings (Stealth+).
Your rubbery body absorbs attacks. (AC +1, EV +1)


Message History

* * * LOW HITPOINT WARNING * * *
Unknown command.
Okay, then.
Okay, then.
Casting: Fireball (dangerous; 3% risk of failure)
Confirm with . or Enter, or press ? or * to list all spells.
Aiming: Fireball (dangerous; 3% risk of failure)
Press: ? - help, Shift-Dir - straight line, f/p - yaktaur captain
Aim: a yaktaur captain, wielding a +0 arbalest and quivering 9 bolts (noxious fumes, severely wounded)
You feel a surge of power!
The fireball explodes!
The fireball engulfs the yaktaur captain!
The yaktaur captain is almost dead.
The fireball engulfs the sphinx!!
The sphinx is heavily wounded.
The sphinx is engulfed in noxious fumes.
The sphinx appears confused.
A cane toad comes into view.
The yaktaur captain is engulfed in noxious fumes.
The yaktaur captain shoots a bolt.
The bolt hits you!
You die...

##∩.∩...∩.#≈≈≈≈#.###.#....#
##.∩.∩.∩..#≈≈####.#.####..##
##..∩.∩.∩.#H##.###'###.##..#
##...∩.∩..#≈#...##†##...#..#
##....⌠...F§'.##'.<÷'##.'..###
##........#○###.##.##...#....#
#▓▓▓▓▓▓▓###c##.###'###.##.....
##)ZY######§§####.#.####≈≈..§.
#?(?#B ##≈@≈#..#..#≈≈≈≈≈§≈§
#∩PZ+$ #'#≈###.###≈≈≈≈≈≈≈≈
#?$. B #(#≈≈##'##≈≈≈≈§≈≈≈≈ #[.
####≈≈≈≈≈≈≈≈≈≈≈≈≈≈≈
#+++#+++#≈≈§§§§≈ ≈§§§§
##≈§§### ;§§§;§§§≈##≈≈# #
+≈;≈§≈;§§§≈≈+§§#+#
##≈≈≈≈≈≈§§≈##≈≈≈≈≈


You could see a yaktaur captain and a cane toad.

Vanquished Creatures
  A skeletal warrior (D)
  A death drake (D)
  An elephant (D)
  A kobold demonologist (D)
  A yaktaur (D)
  2 polar bears (D)
  A hornet (D)
  2 wyverns (D)
  Menkaure (D)
  3 water moccasins (D)
  A swamp drake (D)
  4 necrophages (D)
  4 worker ants (D)
  A hell rat (D)
  3 worms (D)
27 creatures vanquished.

Vanquished Creatures (collateral kills)
  A polar bear (D)
1 creature vanquished.

Vanquished Creatures (others)
  2 water moccasins (D)
  83 foxfires (D)
  8 tentacles (D)
93 creatures vanquished.

Grand Total: 121 creatures vanquished

Notes
Turn   | Place    | Note
-------+----------+-------------------------------------------
     0 | D        | Conn the Octopode Fire Elementalist began the quest for the
                  | Orb.
     0 | D        | Reached XP level 1. HP: 11/11 MP: 3/3
     4 | D        | Noticed a wyvern
     4 | D        | Noticed a wyvern
     8 | D        | Noticed a worker ant
     8 | D        | Noticed a worker ant
     8 | D        | Noticed a worker ant
     8 | D        | Noticed a worker ant
    15 | D        | Killed a worker ant
    16 | D        | Reached skill level 4 in Fire Magic
    16 | D        | Reached XP level 2. HP: 18/19 MP: 3/5
    16 | D        | Reached XP level 3. HP: 23/24 MP: 4/7
    18 | D        | Reached skill level 5 in Fire Magic
    23 | D        | Reached XP level 4. HP: 29/31 MP: 4/8
    27 | D        | Reached skill level 6 in Fire Magic
    38 | D        | Learned a level 3 spell: Conjure Flame
    42 | D        | Learned a level 3 spell: Inner Flame
    48 | D        | Noticed a necrophage
    48 | D        | Noticed a necrophage
    48 | D        | Noticed a necrophage
    48 | D        | Noticed a necrophage
    66 | D        | Killed a necrophage
    67 | D        | Reached skill level 5 in Dodging
    67 | D        | Reached skill level 7 in Fire Magic
    67 | D        | Reached XP level 5. HP: 25/35 MP: 8/11
    77 | D        | Killed a necrophage
    78 | D        | Reached skill level 5 in Stealth
    78 | D        | Reached skill level 8 in Fire Magic
    78 | D        | Reached XP level 6. HP: 28/40 MP: 9/13
    97 | D        | Killed a necrophage
    98 | D        | Reached skill level 5 in Spellcasting
    98 | D        | Reached skill level 9 in Fire Magic
   111 | D        | Killed a necrophage
   112 | D        | Reached XP level 7. HP: 24/44 MP: 5/15
   134 | D        | Found Juifelui's Book Shop.
   134 | D        | Found Setulag's Distillery.
   135 | D        | Found Kianuiba's Jewellery Boutique.
   135 | D        | Found Vapruu's Antique Armour Boutique.
   136 | D        | Found Noil's Antique Armour Boutique.
   136 | D        | Found Hoetarch's General Store.
   137 | D        | Found Faewny's Antique Weapon Shop.
   137 | D        | Found Dukloot's Gadget Boutique.
   137 | D        | Found Parenk's Distillery.
   138 | D        | Found Boafocvez's Book Boutique.
   153 | D        | Reached skill level 5 in Conjurations
   197 | D        | Found Opouk's Book Boutique.
   197 | D        | Found Fekhask's Jewellery Shop.
   197 | D        | Noticed a death yak
   197 | D        | Noticed an oklob plant
   204 | D        | Found Igoanoll's Magic Scroll Shop.
   204 | D        | Found Biozapni's Book Shoppe.
   204 | D        | Found Poga's Book Boutique.
   210 | D        | Bought a book of Minor Magic for 220 gold pieces
   215 | D        | Learned a level 4 spell: Sticky Flame
   221 | D        | Learned a level 5 spell: Fireball
   224 | D        | Learned a level 2 spell: Blink
   230 | D        | Noticed a soldier ant
   237 | D        | Bought the cursed ring "Ixecving" {rPois MR+ Slay-4} for
                  | 159 gold pieces
   245 | D        | Bought an uncursed ring of fire for 300 gold pieces
   249 | D        | Bought a potion of lignification for 30 gold pieces
   269 | D        | Reached skill level 10 in Fire Magic
   298 | D        | Noticed a flying skull
   301 | D        | Noticed a flying skull
   301 | D        | Noticed a flying skull
   303 | D        | Noticed a flying skull
   303 | D        | Noticed a flying skull
   303 | D        | Noticed a flying skull
   303 | D        | Noticed a flying skull
   303 | D        | Noticed a flying skull
   303 | D        | Noticed a flying skull
   304 | D        | Noticed a flying skull
   304 | D        | Noticed a flying skull
   304 | D        | Noticed a flying skull
   319 | D        | Killed a wyvern
   337 | D        | Killed a wyvern
   338 | D        | Reached XP level 8. HP: 13/51 MP: 6/18
   387 | D        | Bought a potion of heal wounds for 50 gold pieces
   391 | D        | Bought a shiny buckler for 165 gold pieces
   412 | D        | Bought a potion of curing for 30 gold pieces
   595 | D        | Learned a level 2 spell: Call Imp
   613 | D        | Found a snail-covered altar of Cheibriados.
   614 | D        | Found a shadowy altar of Dithmenos.
   614 | D        | Found a roughly hewn altar of Beogh.
   614 | D        | Found a viscous altar of Jiyva.
   615 | D        | Found a white marble altar of Elyvilon.
   615 | D        | Found an ancient bone altar of Kikubaaqudgha.
   615 | D        | Found a hazy altar of Hepliaklqana.
   615 | D        | Found a sacrificial altar of Ru.
   616 | D        | Found a blossoming altar of Fedhas.
   616 | D        | Found a corrupted altar of Lugonu.
   616 | D        | Found a shimmering blue altar of Sif Muna.
   617 | D        | Found an opulent altar of Gozag.
   617 | D        | Found a burning altar of Makhleb.
   617 | D        | Found a bloodstained altar of Trog.
   618 | D        | Found a sparkling altar of Nemelex Xobeh.
   618 | D        | Found a hide-covered altar of Uskayaw.
   619 | D        | Found a basalt altar of Yredelemnul.
   620 | D        | Found an iron altar of Okawaru.
   620 | D        | Found a radiant altar of Vehumet.
   620 | D        | Found a glowing silver altar of Zin.
   620 | D        | Found a shimmering altar of Xom.
   620 | D        | Noticed a hornet
   620 | D        | Noticed a polar bear
   621 | D        | Found a stormy altar of Qazlal.
   621 | D        | Found an ornate altar of the Wu Jian Council.
   621 | D        | Found a glowing golden altar of the Shining One.
   621 | D        | Noticed a yaktaur
   622 | D        | Noticed a polar bear
   622 | D        | Noticed a polar bear
   624 | D        | Noticed Menkaure
   628 | D        | Became a worshipper of Sif Muna the Loreminder
   650 | D        | Killed a yaktaur
   651 | D        | Reached skill level 1 in Shields
   651 | D        | Reached skill level 1 in Summonings
   651 | D        | Reached skill level 1 in Translocations
   651 | D        | Reached skill level 1 in Invocations
   657 | D        | Killed a hornet
   658 | D        | Reached skill level 11 in Fire Magic
   660 | D        | Noticed a flying skull
   660 | D        | Noticed a flying skull
   664 | D        | Killed a polar bear
   664 | D        | Reached * piety under Sif Muna
   675 | D        | Noticed an obsidian statue
   677 | D        | Killed a polar bear
   678 | D        | Reached XP level 9. HP: 5/57 MP: 6/20
   962 | D        | Learned a level 3 spell: Mephitic Cloud
   972 | D        | Noticed a death drake
   980 | D        | Killed a death drake
   980 | D        | Reached ** piety under Sif Muna
   981 | D        | Reached skill level 1 in Air Magic
   991 | D        | Killed a polar bear
  1156 | D        | Noticed a kraken
  1519 | D        | Killed Menkaure
  1678 | D        | Reached skill level 5 in Invocations
  1710 | D        | Noticed a crystal guardian
  1793 | D        | Noticed a centaur warrior
  1793 | D        | Noticed Kirke
  1793 | D        | Noticed a kobold demonologist
  1803 | D        | Killed a kobold demonologist
  1803 | D        | Reached *** piety under Sif Muna
  1803 | D        | Noticed a skeletal warrior
  1808 | D        | Noticed an elephant
  1819 | D        | Noticed a yaktaur captain
  1820 | D        | Killed a skeletal warrior
  1821 | D        | Reached skill level 5 in Shields
  1821 | D        | Reached XP level 10. HP: 62/62 MP: 1/22
  1825 | D        | Noticed a sphinx
  1828 | D        | Killed an elephant
  1829 | D        | Reached skill level 10 in Dodging
  1832 | D        | Noticed a cane toad
  1832 | D        | Shot with a bolt by a yaktaur captain

Illustrated notes

Levels and vault maps discovered:
D:        the_violet_keep_of_menkaure [sprint2_stairs_cluster_1,
          sprint2_shoproom, sprint2_temple, sprint2_basic_supplies,
          sprint2_obstacle_7, sprint2_obstacle_3, sprint2_obstacle_1,
          sprint2_obstacle_5, sprint2_obstacle_2, sprint2_timed_cluster_1,
          sprint2_smallroom_cluster_1, sprint2_smallroom_final_cluster_1,
          sprint2_transparent_cluster_1, sprint2_second_timed_cluster_1,
          sprint2_sniper_area_1, sprint2_heavy_combat_area_1,
          sprint2_mutation_trap_area_1, sprint2_forest_area_1,
          sprint2_light_combat_area_1, sprint2_behind_water_1,
          sprint2_near_end_vault_1]

Skill      XL: |  1  2  3  4  5  6  7  8  9 10 |
---------------+-------------------------------+-----
Fighting       | 2 3 |  3.8
Dodging        | 3 5 6 7 8 9 10 | 10.0
Stealth        | 3 4 5 7 8 9 |  9.1
Fire Magic     | 4 5 7 8 9 10 11 | 11.8
Spellcasting   | 3 4 5 6 7 8 9 |  9.1
Conjurations   | 3 4 6 8 |  8.3
Shields        | 3 5 |  5.4
Summonings     | 3 |  3.2
Translocations | 3 4 |  4.6
Invocations    | 3 5 |  5.8
Air Magic      | 2 |  2.6
Poison Magic   | 3 |  3.7

Action                   |  1- 3 |  4- 6 |  7- 9 | 10-12 || total
-------------------------+-------+-------+-------+-------++-------
Melee: Unarmed           |    12 |    33 |     5 |       ||    50
       Constrict         |     3 |     5 |     2 |       ||    10
       Tentacles         |     2 |     8 |     2 |       ||    12
       Short sword       |       |       |     2 |       ||     2
 Cast: Foxfire           |       |     9 |    39 |       ||    48
       Sticky Flame      |       |       |    13 |       ||    13
       Fireball          |       |       |    11 |     4 ||    15
       Call Imp          |       |       |     4 |       ||     4
       Blink             |       |       |     2 |       ||     2
       Mephitic Cloud    |       |       |     6 |     2 ||     8
       Conjure Flame     |       |       |     1 |     1 ||     2
Invok: Channel Magic     |       |       |     1 |     1 ||     2
  Use: Potion            |     2 |     1 |     4 |       ||     7
Armor: Skin              |     1 |     2 |     8 |       ||    11
Dodge: Dodged            |     5 |    30 |    30 |       ||    65
Block: Buckler           |       |       |    12 |       ||    12

Table legend: (Time is in decaauts)
 A = Elapsed time spent in this place.
 B = Non-inter-level travel time spent in this place.
 C = Inter-level travel time spent in this place.
 D = Time resting spent in this place.
 E = Time spent auto-exploring this place.
 F = Levels seen in this place.
 G = Mean time per level.
                   A        B        C        D        E       F      G
               +--------+--------+--------+--------+--------+-----+--------+
         Total |   1823 |   1823 |      0 |    886 |      0 |   1 | 1823.0 |
       Dungeon |   1823 |   1823 |      0 |    886 |      0 |   1 | 1823.0 |
               +--------+--------+--------+--------+--------+-----+--------+

Top non-repeatable levels by time:
       D: 1823 daAuts
